 Dungeon Crawl Stone Soup version 0.30-a0-568-g124715a40b (webtiles) character file.

Game seed: 18098884139289566152

193 brightshaft the Cudgeller (level 5, 0/32 HPs)
             Began as a Gargoyle Fighter on Dec 28, 2022.
             Slain by an iguana (4 damage)
             ... on level 4 of the Dungeon.
             The game lasted 00:04:15 (1894 turns).

brightshaft the Cudgeller (Gargoyle Fighter)        Turns: 1894, Time: 00:04:16

Health: 0/32       AC: 12    Str: 27    XL:     5   Next: 72%
Magic:  5/5        EV:  9    Int:  9    God:
Gold:   212        SH:  4    Dex:  9    Spells: 4/4 levels left

rFire   . . .      SeeInvis .    a - +0 broad axe
rCold   . . .      Faith    .    c - +0 buckler
rNeg    + . .      Spirit   .    b - +0 scale mail
rPois   ∞          Reflect  .    i - +0 helmet
rElec   +          Harm     .    (no cloak)
rCorr   .          Rampage  .    (no gloves)
Will    .....                    (no boots) Stlth
                                 (no amulet)
HPRegen 0.25/turn                e - +6 ring of strength
MPRegen 0.09/turn                (no ring)

@: mighty
A: sickness immunity, AC +4, negative energy resistance 1, electricity
resistance, torment resistance 1, petrification resistance
a: no special abilities


You were on level 4 of the Dungeon.
You visited 1 branch of the dungeon, and saw 4 of its levels.

You collected 212 gold pieces.

Inventory:

Hand Weapons
 a - a +0 broad axe (weapon)
 o - a +0 flail
Armour
 b - a +0 scale mail (worn)
 c - a +0 buckler (worn)
 i - a +0 helmet (worn)
Jewellery
 e - a +6 ring of strength (left hand)
 m - a ring of wizardry
Scrolls
 g - a scroll of identify {@r1}
Potions
 f - a potion of flight {unknown}
 h - a potion of lignification {unknown}
 j - a potion of mutation {unknown}
 k - a potion of resistance
 n - 3 potions of haste {@q3}
 p - a potion of cancellation {unknown}


   Skills:
 - Level 3.2 Fighting
 * Level 2.5(3.8) Axes
 - Level 4.8(5.2) Maces & Flails
 - Level 3.2 Armour
 - Level 3.2 Shields


You had 4 spell levels left.
You didn't know any spells.
Your spell library contained the following spells:

 Spells                   Type           Power      Damage    Failure   Level
 Sandblast                Erth           0%         2d4       75%         1
 Passwall                 Tmut/Erth      0%         N/A       87%         2
 Stone Arrow              Conj/Erth      0%         3d7       98%         3
 Animate Armour           Summ/Erth      0%         N/A       100%        4
 Lehudib's Crystal Spear  Conj/Erth      0%         10d2      100%        8


Dungeon Overview and Level Annotations

Branches:
Dungeon (4/15)
 Temple: D:4-7

Altars:
Yredelemnul

Shops:
D:2 [


Innate Abilities, Weirdness & Mutations

You are immune to sickness and miasma.
Your stone body is resilient. (AC +4)
You are immune to poison.
You resist negative energy. (rN+)
You are resistant to electric shocks. (rElec)
You are resistant to unholy torment.
You are immune to petrification.


Message History

An iguana comes into view.
The ufetubus hits you but does no damage.
The ufetubus hits you.
You completely miss the ufetubus.
The ufetubus is lightly wounded.
The iguana hisses angrily.
The ufetubus hits you but does no damage. x2
You block the ufetubus's attack.
The ufetubus hits you but does no damage.
You closely miss the ufetubus.
The ufetubus is lightly wounded.
You block the ufetubus's attack. The ufetubus barely misses you.
The ufetubus hits you but does no damage.
The ufetubus misses you.
You slash the ufetubus!
You kill the ufetubus!
The iguana bites you.
You are too injured to fight recklessly!
You are too injured to fight recklessly!
You are too injured to fight recklessly!
You are too injured to fight recklessly!
You are too injured to fight recklessly!
You hit the iguana.
The iguana is lightly wounded.
The iguana bites you!
* * * LOW HITPOINT WARNING * * *
You barely miss the iguana.
The iguana is lightly wounded.
You hear the slow hiss of a distant avalanche of sand.
You block the iguana's attack. The iguana bites you.
* * * LOW HITPOINT WARNING * * *
You closely miss the iguana.
The iguana is lightly wounded.
You block the iguana's attack.
You feel very mighty all of a sudden.
The iguana bites you but does no damage.
You slash the iguana!
The iguana is almost dead.
The iguana bites you.
You die...

####...#....#
#...........##..
#.)............#
...............
..?..........##
..............# ####
......l.......# ...#
.......@......#....#
...............?.#..>.#
. ..........#..........#
.)#.................?..#
.........).#..........#
#.......<.#.....#....
#.........#†....# ...
#..........######
#....<...#..#


You could see an iguana.

Vanquished Creatures
  A howler monkey (D:4)
  Jessica (D:2)
  An orc wizard (D:3)
  4 adders (D:2)
  An ufetubus (D:4)
  3 worms
  4 dart slugs
  2 orcs (D:3)
  6 bats
  9 endoplasms
  2 giant cockroaches (D:2)
  A hobgoblin (D:2)
  2 quokkas
  5 ball pythons
  A frilled lizard (D:2)
  3 goblins
  3 rats (D:3)
49 creatures vanquished.

Vanquished Creatures (others)
  A fungus (D:2)
  4 toadstools (D:2)
5 creatures vanquished.

Grand Total: 54 creatures vanquished

Notes
Turn   | Place    | Note
-------+----------+-------------------------------------------
     0 | D:1      | brightshaft the Gargoyle Fighter began the quest for the
                  | Orb.
     0 | D:1      | Reached XP level 1. HP: 14/14 MP: 1/1
   103 | D:1      | You fall into a shaft and drop 1 floor!
   126 | D:2      | Reached skill level 3 in Maces & Flails
   126 | D:2      | Reached XP level 2. HP: 18/19 MP: 2/2
   230 | D:2      | Found a faded altar of an unknown god.
   238 | D:2      | Found Siyl's Antique Armour Shop.
   246 | D:2      | Noticed Jessica
   260 | D:2      | Killed Jessica
   261 | D:2      | Reached XP level 3. HP: 13/23 MP: 3/3
   331 | D:2      | Reached skill level 4 in Maces & Flails
   409 | D:2      | Reached XP level 4. HP: 28/28 MP: 4/4
  1384 | D:3      | Reached skill level 1 in Axes
  1384 | D:3      | Reached XP level 5. HP: 29/32 MP: 5/5
  1405 | D:3      | Found a basalt altar of Yredelemnul.
  1894 | D:4      | Slain by an iguana

Illustrated notes

Levels and vault maps discovered:
D:1:      dpeg_arrival_rooms_b, layout_rooms, minivault_5
D:2:      wad_river_or_something, layout_loops_ring, serial_shops,
          nicolae_shop_behind_doors, chequers_ecumenical_altar_simple_redux,
          st_stairs_2, minmay_gold_behind_fungi, nrook_campfire, uniq_jessica
D:3:      layout_loops_cross, yredelemnul_altar_generic
D:4:      layout_rooms, kennysheep_mini, enter_ossuary_4

Skill      XL: |  1  2  3  4  5 |
---------------+----------------+-----
Maces & Flails | 3 4 |  4.8
Axes           | 1 2 |  2.5
Fighting       | |  3.2
Armour         | |  3.2
Shields        | |  3.2

Action                   |  1- 3 |  4- 6 || total
-------------------------+-------+-------++-------
Melee: Flail             |    39 |    62 ||   101
       Broad axe         |       |    55 ||    55
  Use: Scroll            |       |     5 ||     5
       Potion            |       |     1 ||     1
Armor: Scale mail        |    13 |    66 ||    79
Dodge: Dodged            |     9 |    59 ||    68
Block: Buckler           |     7 |    31 ||    38

Table legend: (Time is in decaauts)
 A = Elapsed time spent in this place.
 B = Non-inter-level travel time spent in this place.
 C = Inter-level travel time spent in this place.
 D = Time resting spent in this place.
 E = Time spent auto-exploring this place.
 F = Levels seen in this place.
 G = Mean time per level.
                   A        B        C        D        E       F      G
               +--------+--------+--------+--------+--------+-----+--------+
         Total |   1943 |   1911 |     32 |     42 |   1423 |   4 |  485.8 |
       Dungeon |   1943 |   1911 |     32 |     42 |   1423 |   4 |  485.8 |
               +--------+--------+--------+--------+--------+-----+--------+

Top non-repeatable levels by time:
     D:2: 1014 daAuts
     D:3: 770 daAuts
     D:1: 104 daAuts
     D:4: 53 daAuts
